 Dungeon Sprint DCSS version 0.24-a0-180-g654ca03 (webtiles) character file.

Game seed: 16881380730340923924

2454 tatocazan the Alchemist (level 9, -7/77 HPs)
             Began as a Merfolk Transmuter on Mar 13, 2019.
             Was an Elder of Cheibriados.
             Mangled by a seven-headed hydra (16 damage)
             ... in the Dungeon (Sprint IX: "|||||||||||||||||||||||||||||").
             The game lasted 00:03:01 (1092 turns).

tatocazan the Alchemist (Merfolk Transmuter)        Turns: 1092, Time: 00:03:02

Health: -7/77      AC:  2    Str: 24    XL:     9   Next: 50%
Magic:  19/21      EV: 36    Int: 24    God:    Cheibriados [****..]
Gold:   0          SH:  0    Dex: 33    Spells: 13/24 levels left

rFire    . . .     SeeInvis .     - Unarmed
rCold    . . .     Gourm    .   (shield currently unavailable)
rNeg     . . .     Faith    .   (armour currently unavailable)
rPois    x         Spirit   .   (helmet currently unavailable)
rElec    .         Reflect  .   (cloak currently unavailable)
rCorr    .         Harm     .   (gloves currently unavailable)
MR       .....     NoTele   +   (boots currently unavailable)
Stlth    ++........             (no amulet)
HPRegen  0.22/turn              r - +3 ring of dexterity
MPRegen  0.17/turn              q - +3 ring of strength

@: spider-form, very slow
A: tiny, (change form in water), (swift swim), (stealthy swim)
a: End Transformation, Bend Time, Temporal Distortion, Slouch, Renounce Religion


You were in the Dungeon.
You worshipped Cheibriados.
Cheibriados was greatly pleased with you.
You were hungry.
You were a venomous arachnid creature.
You visited 1 branch

Inventory:

Hand Weapons
 n - the +2 morningstar "Patiror" {freeze, rF++ Int+2}
   (You found it in the Dungeon)

   It has been specially enchanted to freeze those struck by it, causing extra
   injury to most foes and up to half again as much damage against particularly
   susceptible opponents.
   It can also slow down cold-blooded creatures.
   It affects your intelligence (+2).
   It greatly protects you from fire.
Missiles
 a - 12 arrows
Armour
 b - a +0 robe (melded)
 o - a +0 pair of gloves
 p - a +0 pair of gloves
Magical Staves
 m - an uncursed staff of energy
Jewellery
 q - a +3 ring of strength (right front leg)
 r - a +3 ring of dexterity (left front leg)
Wands
 l - a wand of iceblast (10)
Scrolls
 i - 7 scrolls of remove curse
 j - 2 scrolls of blinking
 k - 2 scrolls of amnesia
 u - a scroll of fog
 v - 2 scrolls of enchant weapon
Potions
 c - a potion of invisibility
 e - 7 potions of curing
 f - 3 potions of heal wounds
 g - a potion of haste
 h - 4 potions of magic
 s - a potion of agility
 t - 3 potions of brilliance
Comestibles
 d - a ration


   Skills:
 + Level 9.5 Fighting
 + Level 11.5 Dodging
 + Level 10.3 Unarmed Combat
 + Level 8.3 Spellcasting
 * Level 15.4 Transmutations


You had 13 spell levels left.
You knew the following spells:

 Your Spells              Type           Power        Failure   Level  Hunger
a - Beastly Appendage     Tmut           ######       1%          1    None
b - Sticks to Snakes      Tmut           ######..     1%          2    None
c - Spider Form           Tmut/Pois      #####.....   4%          3    None
d - Blade Hands           Tmut           ######....   2%          5    ####...

Your spell library contained the following spells:

 Spells                   Type           Power        Failure   Level  Hunger
 Ice Form                 Ice/Tmut       #####...     10%         4    ##.....


Dungeon Overview and Level Annotations

Branches:
Dungeon (1/1)

Altars:
Cheibriados
Dithmenos
Elyvilon
Fedhas
Gozag
Hepliaklqana
Kikubaaqudgha
Makhleb
Nemelex Xobeh
Okawaru
Qazlal
Ru
Sif Muna
Trog
Uskayaw
Vehumet
Wu Jian
Xom
Yredelemnul
Zin
The Shining One
Beogh
Jiyva
Lugonu


Message History

You hear a roar!
The seven-headed hydra barely misses you.
The seven-headed hydra closely misses you.
The seven-headed hydra bites you.
The seven-headed hydra completely misses you.
The seven-headed hydra bites you but does no damage.
The seven-headed hydra bites you! x2
You take 32 damage, and have 35/77 hp.
MASSIVE DAMAGE!!
The seven-headed hydra completely misses you.
The seven-headed hydra closely misses you.
The seven-headed hydra misses you.
The seven-headed hydra completely misses you. x2
The seven-headed hydra misses you. The seven-headed hydra bites you!
You take 10 damage, and have 26/77 hp.
The seven-headed hydra closely misses you.
The seven-headed hydra completely misses you.
The seven-headed hydra bites you!
* * * LOW HITPOINT WARNING * * *
The seven-headed hydra misses you. The seven-headed hydra bites you!
You die...

▓'▓.▓.▓
▓)▓.▓.▓
▓.▓.▓.▓
▓.▓.▓.▓
▓.▓.▓|▓
▓.▓.▓?▓
▓'▓.▓.▓
▓_▓.▓.▓
▓_▓.▓s▓
▓_▓.▓D▓
▓_▓.▓t▓
▓_▓.▓'▓
▓_▓.▓r▓
▓_▓.▓S▓
▓_▓.▓t▓
▓_▓.▓F▓
▓_▓.▓.▓


You could see a seven-headed hydra, a spiny frog, a water moccasin, 2 crocodiles
and a porcupine.

Vanquished Creatures
  2 two-headed ogres (D)
  An unseen horror (D)
  A hippogriff (D)
  2 ice beasts (D)
  A sky beast (D)
  An orc warrior (D)
  An ogre (D)
  A bullfrog (D)
  A scorpion (D)
  A worker ant (D)
  A shadow imp (D)
  An ooze (D)
  An adder skeleton (D)
  2 leopard geckos (D)
  An orc (D)
  A giant cockroach (D)
  A goblin (D)
  A quokka zombie (D)
  A rat (D)
22 creatures vanquished.

Notes
Turn   | Place    | Note
-------+----------+-------------------------------------------
     0 | D        | tatocazan the Merfolk Transmuter began the quest for the
                  | Orb.
     0 | D        | Reached XP level 1. HP: 15/15 MP: 3/3
     9 | D        | Reached skill level 3 in Transmutations
    16 | D        | Reached XP level 2. HP: 11/22 MP: 3/5
   171 | D        | Learned a level 2 spell: Sticks to Snakes
   176 | D        | Noticed an ice beast
   183 | D        | Reached skill level 4 in Transmutations
   191 | D        | Killed an ice beast
   191 | D        | Reached skill level 5 in Dodging
   191 | D        | Reached skill level 5 in Unarmed Combat
   191 | D        | Reached skill level 7 in Transmutations
   191 | D        | Reached XP level 3. HP: 10/30 MP: 6/8
   191 | D        | Reached XP level 4. HP: 13/37 MP: 6/9
   197 | D        | Reached XP level 5. HP: 11/43 MP: 6/11
   639 | D        | Found a roughly hewn altar of Beogh.
   639 | D        | Found a snail-covered altar of Cheibriados.
   639 | D        | Found a shadowy altar of Dithmenos.
   639 | D        | Found a white marble altar of Elyvilon.
   639 | D        | Found a blossoming altar of Fedhas.
   639 | D        | Found an opulent altar of Gozag.
   640 | D        | Found a hazy altar of Hepliaklqana.
   641 | D        | Found a viscous altar of Jiyva.
   642 | D        | Found an ancient bone altar of Kikubaaqudgha.
   643 | D        | Found a corrupted altar of Lugonu.
   644 | D        | Found a burning altar of Makhleb.
   645 | D        | Found a sparkling altar of Nemelex Xobeh.
   646 | D        | Found an iron altar of Okawaru.
   647 | D        | Found a stormy altar of Qazlal.
   648 | D        | Found a sacrificial altar of Ru.
   649 | D        | Found a deep blue altar of Sif Muna.
   650 | D        | Found a bloodstained altar of Trog.
   651 | D        | Found a hide-covered altar of Uskayaw.
   652 | D        | Found a radiant altar of Vehumet.
   653 | D        | Found an ornate altar of the Wu Jian Council.
   654 | D        | Found a shimmering altar of Xom.
   655 | D        | Found a basalt altar of Yredelemnul.
   656 | D        | Found a glowing silver altar of Zin.
   657 | D        | Found a glowing golden altar of the Shining One.
   699 | D        | Became a worshipper of Cheibriados the Contemplative
   732 | D        | Got the +2 morningstar "Patiror" {freeze, rF++ Int+2}
   748 | D        | Learned a level 3 spell: Spider Form
   754 | D        | Learned a level 5 spell: Blade Hands
   754 | D        | Noticed an ogre
   754 | D        | Noticed a hippogriff
   754 | D        | Noticed a two-headed ogre
   754 | D        | Noticed a sky beast
   754 | D        | Noticed a two-headed ogre
   761 | D        | Killed an ogre
   761 | D        | Reached skill level 5 in Fighting
   761 | D        | Reached skill level 9 in Transmutations
   766 | D        | Killed a hippogriff
   766 | D        | Reached * piety under Cheibriados
   766 | D        | Reached skill level 5 in Spellcasting
   766 | D        | Reached skill level 10 in Transmutations
   766 | D        | Reached XP level 6. HP: 24/52 MP: 9/14
   778 | D        | Killed a two-headed ogre
   778 | D        | Reached skill level 13 in Transmutations
   778 | D        | Reached XP level 7. HP: 50/61 MP: 9/17
   778 | D        | Reached XP level 8. HP: 56/68 MP: 9/18
   788 | D        | Reached ** piety under Cheibriados
   794 | D        | Killed a two-headed ogre
   794 | D        | Reached skill level 10 in Dodging
   794 | D        | Reached skill level 14 in Transmutations
   794 | D        | Reached XP level 9. HP: 65/75 MP: 11/20
   871 | D        | Reached *** piety under Cheibriados
   880 | D        | Killed an unseen horror
   880 | D        | Reached skill level 10 in Unarmed Combat
   880 | D        | Reached skill level 15 in Transmutations
   884 | D        | Reached **** piety under Cheibriados
  1085 | D        | Noticed a seven-headed hydra
  1087 | D        | Noticed an eight-headed hydra
  1088 | D        | Noticed a spiny frog
  1092 | D        | Mangled by a seven-headed hydra

Levels and vault maps discovered:
D:        linesprint [early_d, line_temple, items_1, d_10, items_2, lair_1,
          lair_end, items_3, orc_1, orc_end, items_4, d_15, swamp_1, shoals_1,
          snake_1, spider_1, d_20, vaults_1, items_5, swamp_end, shoals_end,
          snake_end, spider_end, vaults_end, d_27, items_6, zot_1, zot_end,
          crypt_end, forest_end, elf_end, slime_end, tomb_end, abyss_end,
          pan_hell_end]

Skill      XL: |  1  2  3  4  5  6  7  8  9 |
---------------+----------------------------+-----
Dodging        | 3 5 6 7 9 10 11 | 11.5
Transmutations | 3 7 10 13 14 15 | 15.4
Fighting       | 2 4 6 7 8 9 |  9.5
Unarmed Combat | 5 7 8 9 10 | 10.3
Spellcasting   | 3 4 5 6 7 8 |  8.3

Action                   |  1- 3 |  4- 6 |  7- 9 || total
-------------------------+-------+-------+-------++-------
Melee: Unarmed           |    22 |    23 |    42 ||    87
       Headbutt          |     4 |       |       ||     4
       Punch             |     1 |       |       ||     1
 Cast: Beastly Appendage |     2 |       |       ||     2
       Spider Form       |       |     2 |     2 ||     4
       Blade Hands       |       |       |     1 ||     1
  Use: Potion            |     2 |     1 |       ||     3
 Stab: Sleeping          |     1 |       |     1 ||     2
Armor: Robe              |     3 |       |       ||     3
       Skin              |       |       |     3 ||     3
Dodge: Dodged            |     5 |    25 |    48 ||    78

Table legend:
 A = Non-vault XP
 B = Vault XP
 C = Vault XP percentage of total XP
 D = Non-vault monster count
 E = Vault monster count
 F = Vault count percentage of total count
                 A         B        C        D         E       F
            +---------+---------+-------+---------+---------+-------
      Total |       0 |    3507 | 100.0 |       0 |      22 | 100.0
            +---------+---------+-------+---------+---------+-------
          D |       0 |    3507 | 100.0 |       0 |      22 | 100.0
            +---------+---------+-------+---------+---------+-------
